 Dungeon Crawl Stone Soup version 0.21.0-34-g9234887 (webtiles) character file.

5426 garbagetei the Thaumaturge (level 10, -8/53 HPs)
             Began as a Deep Elf Conjurer on Jan 29, 2018.
             Was a Follower of Vehumet.
             Mangled by a small abomination (19 damage)
             ... on level 1 of the Abyss.
             The game lasted 00:53:44 (13541 turns).

garbagetei the Thaumaturge (Deep Elf Conjurer)     Turns: 13541, Time: 00:53:45

Health: -8/53      AC:  6    Str:  5    XL:     10   Next: 40%
Magic:  48/52      EV: 16    Int: 24    God:    Vehumet [*.....]
Gold:   337        SH:  0    Dex: 15    Spells: 16/33 levels left

rFire    . . .     SeeInvis +   D - staff of power
rCold    . . .     Gourm    .   (no shield)
rNeg     + . .     Faith    .   u - +2 robe of Mirth {rN+ MP+9}
rPois    .         Spirit   .   a - +0 helmet
rElec    .         Reflect  .   (no cloak)
rCorr    .         Harm     .   G - +0 pair of gloves
MR       +....                  (no boots)
Stlth    +++.......             (no amulet)
HPRegen  0.17/turn              i - ring of see invisible
MPRegen  0.33/turn              (no ring)

@: no status effects
A: no striking features
a: Renounce Religion


You were on level 1 of the Abyss.
You worshipped Vehumet.
Vehumet was aware of your devotion.
You were not hungry.

You visited 2 branches of the dungeon, and saw 11 of its levels.
You visited the Abyss 1 time.

You collected 445 gold pieces.
You spent 108 gold pieces at shops.

Inventory:

Hand Weapons
 g - a +1 dagger of flaming
 B - the +2 hand axe "Buym" {chop, rElec rPois rN+ Int-3}
   (You found it on level 6 of the Dungeon)

   It inflicts extra damage upon your enemies.
   It affects your intelligence (-3).
   It insulates you from electricity.
   It protects you from poison.
   It protects you from negative energy.
 Q - a +3 quarterstaff
Missiles
 t - 5 tomahawks of dispersal (quivered)
Armour
 a - a +0 helmet (worn)
 f - a +0 pair of gloves
 k - a +0 helmet
 u - the +2 robe of Mirth (worn) {rN+ MP+9}
   (You bought it in a shop on level 5 of the Dungeon)

   It protects you from negative energy.
   It affects your magic capacity (+9).
 v - +0 swamp dragon scales
 C - a +0 helmet
 G - a +0 pair of gloves (worn)
Magical Staves
 D - an uncursed staff of power (weapon)
Jewellery
 d - an uncursed amulet of harm
 h - an uncursed amulet of faith
 i - a ring of see invisible (left hand)
 z - an uncursed ring of fire
Wands
 l - a wand of digging (12)
 p - a wand of random effects (27)
 q - a wand of paralysis (28)
 H - a wand of clouds (11)
 J - a wand of flame (30)
 O - a wand of iceblast (8)
Scrolls
 r - 2 scrolls of magic mapping
 s - 5 scrolls of remove curse
 y - 2 scrolls of teleportation
 A - a scroll of noise
 I - 2 scrolls of immolation {unknown}
 N - a scroll of enchant weapon {unknown}
 R - a scroll of fear {unknown}
Potions
 e - a potion of haste {unknown}
 j - 2 potions of agility
 m - a potion of berserk rage {unknown}
 n - 3 potions of flight
 o - 3 potions of curing
 w - a potion of resistance {unknown}
 x - a potion of mutation {unknown}
 E - 2 potions of invisibility {unknown}
 F - a potion of degeneration {unknown}
 K - a potion of cancellation
 L - 3 potions of brilliance {unknown}
 P - a potion of heal wounds {unknown}
Books
 b - a book of Conjurations

   Spells                             Type                      Level
   a - Magic Dart                     Conjuration                  1
   b - Searing Ray                    Conjuration                  2
   c - Dazzling Spray                 Conjuration/Hexes            3
   d - Fulminant Prism                Conjuration/Hexes            4
   e - Force Lance                    Conjuration/Translocation    4
   f - Iskenderun's Mystic Blast      Conjuration                  4
 M - a book of Battle

   Spells                             Type                      Level
   a - Infusion                       Charms                       1
   b - Shroud of Golubria             Charms/Translocation         2
   c - Song of Slaying                Charms                       2
   d - Spectral Weapon                Hexes/Charms                 3
   e - Regeneration                   Charms/Necromancy            3
Comestibles
 c - 13 rations


   Skills:
 + Level 2.2 Fighting
 - Level 1.0 Short Blades
 + Level 0.1 Staves
 + Level 6.6 Dodging
 + Level 5.7 Stealth
 + Level 12.1 Spellcasting
 * Level 11.4 Conjurations
 + Level 2.8 Hexes
 + Level 0.3 Evocations


You had 16 spell levels left.
You knew the following spells:

 Your Spells              Type           Power        Failure   Level  Hunger
a - Magic Dart            Conj           ####         1%          1    None
b - Dazzling Spray        Conj/Hex       #####.       1%          3    None
c - Searing Ray           Conj           ######       1%          2    None
d - Iskenderun's Mystic   Conj           ######..     1%          4    None
e - Force Lance           Conj/Tloc      #####...     4%          4    None
f - Regeneration          Chrm/Necr      ##........   13%         3    None


Dungeon Overview and Level Annotations

Branches:
Dungeon (10/15)            Temple (1/1) D:7
   Lair: D:8-11         Orc: D:9-12

Altars:
Ashenzari
Cheibriados
Dithmenos
Elyvilon
Fedhas
Gozag
Hepliaklqana
Kikubaaqudgha
Makhleb
Nemelex Xobeh
Okawaru
Qazlal
Ru
Sif Muna
Trog
Uskayaw
Vehumet
Wu Jian
Xom
Yredelemnul
Zin
The Shining One

Shops:
D:4 (   D:5 [[[(

Annotations:
D:4 Edmund
D:10 Sonja


Message History

Casting: Searing Ray
Confirm with . or Enter, or press ? or * to list all spells.
Aiming: Searing Ray
Press: ? - help, Shift-Dir - straight line, f - small abomination
Aim: a small abomination The searing ray hits the small abomination.
The small abomination is lightly damaged. (Press . to maintain the ray.)
The searing ray hits the small abomination.
The small abomination is moderately damaged.
The small abomination hits you!
The searing ray hits the small abomination.
The small abomination is moderately damaged.
The small abomination hits you!
The searing ray misses the small abomination.
You finish channeling your searing ray.
The small abomination misses you. The small abomination hits you!
* * * LOW HITPOINT WARNING * * *
The small abomination hits you!!
You die...

. .......# ## . .#
##.#.#. #..#
##.#.#.###..# #
##.##.#.##..#.#.
..#... #.#...... .
....#.####..#..#..
........#.##.# ...
#..#..x##.#.. .
#..@##.####..
.......## #. #.
#..#... #. ##.# ..
.## .# #.


You could see a small abomination.

Vanquished Creatures
  Pikel (D:6)
  A hippogriff (D:7)
  Duvessa (D:4)
  2 orc warriors
  4 ice beasts
  2 sky beasts
  2 black bears
  4 ogres
  A phantom (D:8)
  5 centaurs
  8 bullfrogs
  Blork the orc (D:4)
  A gnoll sergeant (D:9)
  Dowan (D:4)
  2 scorpions
  18 killer bees (D:8)
  3 wights (D:6)
  A howler monkey (D:4)
  6 crimson imps
  A bullfrog zombie (D:8)
  2 hounds
  A bullfrog skeleton (D:8)
  3 orc priests
  A jelly (D:6)
  11 orc wizards
  An iron imp (D:8)
  An iguana (D:5)
  5 worker ants
  3 gnolls (D:9)
  11 adders
  A shadow imp (D:7)
  An ufetubus (Abyss:1)
  2 oozes (D:3)
  2 worms
  2 dart slugs
  3 leopard geckos
  37 orcs
  A ball python (D:2)
  8 giant cockroaches
  6 goblins
  10 hobgoblins
  15 jackals
  7 kobolds
  7 quokkas
  6 bats
  2 frilled lizards
  A jackal zombie (D:5)
  9 rats
224 creatures vanquished.

Vanquished Creatures (others)
  A quokka (D:8)
1 creature vanquished.

Grand Total: 225 creatures vanquished

Notes
Turn   | Place    | Note
-------+----------+-------------------------------------------
     0 | D:1      | garbagetei the Deep Elf Conjurer began the quest for the Orb.
     0 | D:1      | Reached XP level 1. HP: 10/10 MP: 6/6
   224 | D:1      | Reached XP level 2. HP: 15/15 MP: 5/8
   437 | D:1      | Reached skill level 5 in Conjurations
   747 | D:1      | Reached XP level 3. HP: 14/19 MP: 1/9
  1003 | D:2      | Learned a level 3 spell: Dazzling Spray
  1622 | D:2      | Found a blossoming altar of Fedhas.
  1632 | D:2      | Found a shadowy altar of Dithmenos.
  1639 | D:2      | Found a sparkling altar of Nemelex Xobeh.
  2001 | D:3      | Found a faded altar of an unknown god.
  2048 | D:3      | Reached XP level 4. HP: 24/24 MP: 7/11
  2582 | D:3      | Reached skill level 4 in Spellcasting
  2611 | D:3      | HP: 1/24 [poisoned by an adder]
  3357 | D:3      | Reached XP level 5. HP: 18/28 MP: 4/13
  3950 | D:4      | Noticed an ogre
  4227 | D:3      | Learned a level 2 spell: Searing Ray
  4232 | D:3      | Learned a level 4 spell: Iskenderun's Mystic Blast
  4251 | D:4      | Noticed Edmund
  4321 | D:4      | Noticed an ogre
  4327 | D:4      | Killed an ogre
  4327 | D:4      | Reached skill level 5 in Spellcasting
  4327 | D:4      | Reached XP level 6. HP: 32/32 MP: 5/15
  4357 | D:4      | Noticed Blork the orc
  4357 | D:4      | Noticed Duvessa
  4367 | D:4      | Killed Duvessa
  4558 | D:4      | Noticed Dowan
  4571 | D:4      | Killed Dowan
  4786 | D:4      | Reached skill level 6 in Spellcasting
  5256 | D:4      | Found a hide-covered altar of Uskayaw.
  5398 | D:4      | Killed Blork the orc
  5398 | D:4      | Reached XP level 7. HP: 37/37 MP: 10/18
  5487 | D:4      | Found Faprarudd's Weapon Emporium.
  5785 | D:5      | Entered Level 5 of the Dungeon
  5799 | D:5      | Found a glowing golden altar of the Shining One.
  5824 | D:5      | Found Luecoish's Antique Weapon Boutique.
  5946 | D:5      | Found Vejipsit's Antique Armour Boutique.
  5960 | D:5      | Found Sige's Antique Armour Shop.
  5967 | D:5      | Bought a shimmering robe for 108 gold pieces
  5967 | D:5      | Identified the +2 robe of Mirth {rN+ MP+9} (You bought it in a shop on level 5 of the Dungeon)
  6072 | D:5      | Reached skill level 7 in Spellcasting
  6828 | D:5      | Reached skill level 1 in Fighting
  6828 | D:5      | Reached XP level 8. HP: 43/43 MP: 21/21
  6885 | D:5      | Reached skill level 5 in Dodging
  6885 | D:5      | Reached skill level 8 in Spellcasting
  6885 | D:5      | Reached skill level 1 in Hexes
  6966 | D:5      | Found Wuone's Antique Armour Boutique.
  7593 | D:6      | Reached skill level 9 in Spellcasting
  7748 | D:6      | Got a brightly glowing hand axe
  7756 | D:6      | Identified the cursed +2 hand axe "Buym" {chop, rElec rPois rN+ Int-3} (You found it on level 6 of the Dungeon)
  7926 | D:6      | Noticed Pikel
  7939 | D:6      | Killed Pikel
  7939 | D:6      | Reached skill level 5 in Stealth
  7939 | D:6      | Reached skill level 10 in Spellcasting
  7939 | D:6      | Reached XP level 9. HP: 38/47 MP: 20/25
  8025 | D:6      | Found a glowing silver altar of Zin.
  9905 | D:7      | Reached skill level 10 in Conjurations
  9980 | D:7      | Reached skill level 11 in Spellcasting
 10090 | D:7      | Reached skill level 1 in Short Blades
 10178 | D:7      | Found a staircase to the Ecumenical Temple.
 10243 | Temple   | Entered the Ecumenical Temple
 10740 | D:8      | Found a white marble altar of Elyvilon.
 10866 | D:8      | Learned a level 4 spell: Force Lance
 10900 | D:8      | Found a radiant altar of Vehumet.
 10907 | D:8      | Became a worshipper of Vehumet
 11381 | D:8      | Reached XP level 10. HP: 53/53 MP: 27/27
 11389 | D:8      | Paralysed by a centaur for 2 turns
 11528 | D:8      | Found a shimmering altar of Xom.
 11567 | D:8      | Learned a level 3 spell: Regeneration
 11670 | D:9      | Noticed a two-headed ogre
 12345 | D:8      | Found a basalt altar of Yredelemnul.
 12428 | D:8      | Found a snail-covered altar of Cheibriados.
 12579 | D:8      | Reached * piety under Vehumet
 12579 | D:8      | Offered knowledge of Sandblast by Vehumet.
 12601 | D:8      | Reached skill level 12 in Spellcasting
 12853 | D:10     | Entered Level 10 of the Dungeon
 13366 | D:10     | Noticed an unseen horror
 13457 | D:10     | Noticed Sonja
 13459 | D:10     | Cast into level 1 of the Abyss (Sonja)
 13486 | Abyss:1  | Noticed a tentacled starspawn
 13541 | Abyss:1  | Mangled by a small abomination

Skill      XL: |  1  2  3  4  5  6  7  8  9 10 |
---------------+-------------------------------+-----
Conjurations   | 5 6 7 8 10 11 | 11.4
Stealth        | 3 4 5 |  5.7
Spellcasting   | 4 5 6 7 10 11 12 | 12.1
Dodging        | 3 4 5 6 |  6.6
Fighting       | 1 2 |  2.2
Hexes          | 2 |  2.8
Short Blades   | 1 |  1.0
Staves         | |  0.1
Evocations     | |  0.3

Action                   |  1- 3 |  4- 6 |  7- 9 | 10-12 || total
-------------------------+-------+-------+-------+-------++-------
Melee: Dagger            |    10 |       |    10 |       ||    20
       Staff             |       |       |     3 |    11 ||    14
 Cast: Magic Dart        |    88 |   113 |   147 |    88 ||   436
       Dazzling Spray    |     2 |     2 |     9 |     5 ||    18
       Searing Ray       |       |     7 |    55 |    29 ||    91
       Iskenderun's Myst |       |     2 |       |     2 ||     4
Evoke: Wand              |       |     1 |       |     1 ||     2
  Use: Scroll            |     2 |     3 |     4 |     4 ||    13
       Potion            |       |     7 |       |     2 ||     9
 Stab: Distracted        |       |       |     1 |       ||     1
  Eat: Chunk             |     3 |     8 |    16 |     5 ||    32
       Ration            |       |     1 |       |     1 ||     2
Armor: Robe              |     5 |    22 |    29 |    17 ||    73
Dodge: Dodged            |    24 |    66 |   134 |    86 ||   310
